 Dungeon Crawl Stone Soup version 0.30.0-29-ga12c61a403 (webtiles) character file.

Game seed: 6405916607573184350

36917 cheesebisquit the Grappler (level 13, -2/137 HPs)
             Began as a Troll Fighter on June 4, 2023.
             Was an Elder of Wu Jian.
             Slain by a freezing wraith (16 damage)
             ... led by a death knight
             ... on level 13 of the Dungeon.
             The game lasted 00:52:55 (12912 turns).

cheesebisquit the Grappler (Troll Fighter)         Turns: 12912, Time: 00:52:56

Health: -2/137     AC:  5    Str: 33    XL:     13   Next: 55%
Magic:  12/12      EV:  9    Int: 11    God:    Wu Jian [****..]
Gold:   243        SH: 16    Dex:  9    Spells: 5/12 levels left

rFire   . .          .
                       - Unarmed
rCold   . . .        b - +5 kite shield
rNeg    . . .        K - +1 robe of the Jackalope {Will+ Int+3}
rPois   .            (helmet restricted)
rElec   .            (no cloak)
rCorr   .            (gloves unavailable)
SInv    +            (boots unavailable)
Will    +....        t - amulet of regeneration
Stlth   +            s - +6 ring of strength
HPRegen 2.02/turn    v - ring of see invisible
MPRegen 0.13/turn

%: no passive effects
@: slowed, very slow
A: large, unfitting armour, claws 3, regeneration 1, shaggy fur 1, tough skin 1
a: Renounce Religion, Wall Jump, Serpent's Lash


You were on level 13 of the Dungeon.
You worshipped Wu Jian.
Wu Jian was greatly pleased with you.
You visited 2 branches of the dungeon, and saw 14 of its levels.
You also visited: Sewer and Bailey.

You collected 941 gold pieces.
You spent 698 gold pieces at shops.

Inventory:

Hand Weapons
 o - a +1 heavy sling
 O - a +0 morningstar
Missiles
 a - 2 javelins
 h - 4 silver javelins
 j - 13 large rocks
 n - 26 poisoned darts (quivered)
 B - 4 curare-tipped darts
 C - 8 atropa-tipped darts
 P - a boomerang of dispersal
Armour
 b - a +5 kite shield (worn)
 c - +0 ice dragon scales
 K - the +1 robe of the Jackalope (worn) {Will+ Int+3}
   (You found it on level 7 of the Dungeon)

   Int:       It affects your intelligence (+3).
   Will:      It increases your willpower.
Jewellery
 q - a ring of willpower
 s - a +6 ring of strength (left claw)
 t - an amulet of regeneration (around neck)
 v - a ring of see invisible (right claw)
 y - a +5 ring of evasion
 D - an amulet of magic regeneration
Wands
 l - a wand of roots (3)
 w - a wand of charming (13)
 F - a wand of flame (27)
 L - a wand of quicksilver (8)
Scrolls
 d - 3 scrolls of poison
 f - a scroll of immolation
 g - 2 scrolls of silence
 k - 2 scrolls of fog
 m - 7 scrolls of teleportation
 p - 5 scrolls of enchant weapon
 z - a scroll of identify
 E - 4 scrolls of vulnerability
 I - 2 scrolls of amnesia
 J - a scroll of enchant armour
 M - a scroll of magic mapping
Potions
 e - 2 potions of resistance
 i - a potion of flight
 r - a potion of degeneration
 u - 5 potions of brilliance
 x - a potion of cancellation
 A - a potion of magic
 H - 2 potions of lignification
 N - a potion of mutation {unknown}


   Skills:
 + Level 11.5 Fighting
 - Level 2.4 Dodging
 + Level 12.5 Shields
 + Level 13.4 Unarmed Combat


You had 5 spell levels left.
You knew the following spells:

 Your Spells              Type           Power      Damage    Failure   Level
a - Apportation           Tloc           0%         N/A       45%         1
b - Statue Form           Tmut/Erth      0%         N/A       100%        6

Your spell library contained the following spells:

 Spells                   Type           Power      Damage    Failure   Level
 Foxfire                  Conj/Fire      0%         2x1d4     45%         1
 Freeze                   Ice            0%         1d3       45%         1
 Kiss of Death            Conj/Necr      0%         2d5       45%         1
 Necrotise                Necr           0%         1d4       45%         1
 Summon Small Mammal      Summ           0%         N/A       45%         1
 Scorch                   Fire           0%         2d5       58%         2
 Frozen Ramparts          Ice            0%         1d1       83%         3
 Hailstorm                Conj/Ice       0%         3d3       83%         3
 Volatile Blastmotes      Fire/Tloc      0%         2d10      83%         3
 Flame Wave               Conj/Fire      0%         2d4       99%         4
 Ice Form                 Ice/Tmut       0%         N/A       99%         4
 Leda's Liquefaction      Hex/Erth       0%         N/A       99%         4
 Petrify                  Tmut/Erth      0%         N/A       99%         4
 Summon Ice Beast         Ice/Summ       0%         N/A       99%         4
 Irradiate                Conj/Tmut      0%         3d11      100%        5
 Lee's Rapid Deconstruct  Erth           0%         3d4*      100%        5
 Metabolic Englaciation   Hex/Ice        0%         N/A       100%        5
 Starburst                Conj/Fire      0%         6d3       100%        6
 Summon Cactus Giant      Summ           0%         N/A       100%        6


Dungeon Overview and Level Annotations

Branches:
Dungeon (13/15)            Temple (1/1) D:5            Lair (0/5) D:11
    Orc (0/2) D:12          Sewer (visited)          Bailey (visited)
 Vaults: D:13-14

Altars:
Ashenzari
Cheibriados
Dithmenos
Elyvilon
Fedhas
Gozag
Hepliaklqana
Kikubaaqudgha
Makhleb
Nemelex Xobeh
Okawaru
Qazlal
Ru
Sif Muna
Trog
Uskayaw
Vehumet
Wu Jian
Xom
Yredelemnul
Zin
The Shining One

Shops:
D:4 ((:!   D:8 (   D:9 [   D:10 :

Annotations:
D:8 exclusion: electric eel
D:10 3 runed translucent doors, dxb338's ghost, journeyman HOFi


Innate Abilities, Weirdness & Mutations

You are too large for most types of armour.
You have claws for hands.
Your natural rate of healing is unusually fast.
You are covered in fur. (AC +1)
You have tough skin. (AC +1)


Message History

You block the freezing wraith's attack. The freezing wraith hits you.
The freezing wraith drains your vigour!
You feel as though you will be slow longer.
You claw the freezing wraith!
The freezing wraith is heavily damaged.
You block the freezing wraith's attack.
The freezing wraith hits you but does no damage.
You closely miss the freezing wraith.
The freezing wraith is heavily damaged.
You block the freezing wraith's attack. x2
The skeletal warrior hits you with a +0 war axe!!
You scratch the death knight.
The death knight is lightly wounded.
You block the death knight's attack.
The skeletal warrior hits you with a +0 war axe!
You scratch the death knight but do no damage.
The death knight is lightly wounded.
You block the skeletal warrior's attack.
You block the death knight's attack.
You scratch the death knight but do no damage.
The death knight is lightly wounded.
You block the skeletal warrior's attack. x2
The death knight barely misses you.
You scratch the freezing wraith.
The freezing wraith is heavily damaged.
You block the skeletal warrior's attack.
The freezing wraith hits you! The freezing wraith freezes you!
The freezing wraith hits you! The freezing wraith drains your vigour!
You feel as though you will be slow longer.
You block the skeletal warrior's attack.
The death knight calls down the wrath of Yredelemnul upon you.
Your body is wracked with pain!
The death knight offers itself to Yredelemnul, and fills with unholy energy.
You block the skeletal warrior's attack.
The skeletal warrior hits you with a +0 scimitar!!
* * * LOW HITPOINT WARNING * * *
The freezing wraith hits you.
* * * LOW HITPOINT WARNING * * *
The freezing wraith freezes you!
You die...

.... ....
....##+####....
............$..
...............
...............
#...........
#....pzW.# #....z@..#
#........# ###
##.......# #.#
#..<....# #.#
#.......# #.#
#.......####.#
#............#########
#.....................
#.....................


You could see a death knight (reflects damage), 2 skeletal warriors and a
freezing wraith.

Vanquished Creatures
  The ghost of Bobsterar the Fighter, a journeyman MiFi of Cheibriados (D:12)
  A centaur warrior (D:13)
  Erica (D:11)
  2 boulder beetles
  A two-headed ogre (D:12)
  3 death yaks (D:11)
  3 skeletal warriors
  2 orc knights (Bailey)
  Pikel (D:9)
  A salamander (shapeshifter) (D:11)
  3 cyclopes (D:11)
  2 manticores (D:12)
  20 slime creatures
  A komodo dragon (D:10)
  3 trolls
  Grinder (D:5)
  Sigmund (D:4)
  2 shadows
  2 wyverns
  3 wraiths
  22 yaks
  4 steam dragons
  A vampire mosquito (D:13)
  An acid dragon (D:12)
  4 orc warriors
  2 ice beasts (D:6)
  5 sky beasts
  7 black bears
  An ogre (D:6)
  4 centaurs
  Blork the orc (D:4)
  3 kobold brigands
  7 bullfrogs
  2 scorpions (D:5)
  2 wights (D:8)
  9 killer bees
  6 howler monkeys
  A lava snake (D:7)
  A hound (D:4)
  7 orc priests
  4 jellies
  3 iguanas (D:5)
  8 orc wizards
  A sleepcap (D:6)
  Ijyb (D:4)
  3 gnolls
  8 adders
  3 river rats (D:4)
  5 white imps
  A worm (D:4)
  6 dart slugs
  44 orcs
  4 bats
  2 bat zombies (D:11)
  22 endoplasms
  10 giant cockroaches
  10 goblins
  6 hobgoblins
  3 quokkas
  18 ball pythons
  17 frilled lizards
  24 kobolds
  4 rats
  4 rat zombies (D:11)
  A spectral orc (D:3)
356 creatures vanquished.

Vanquished Creatures (collateral kills)
  A minotaur (D:12)
1 creature vanquished.

Vanquished Creatures (others)
  An orc (D:8)
1 creature vanquished.

Grand Total: 358 creatures vanquished

Notes
Turn   | Place    | Note
-------+----------+-------------------------------------------
     0 | D:1      | cheesebisquit the Troll Fighter began the quest for the
                  | Orb.
     0 | D:1      | Reached XP level 1. HP: 22/22 MP: 0/0
   201 | D:1      | Reached XP level 2. HP: 24/29 MP: 1/1
   618 | D:1      | Found a faded altar of an unknown god.
   646 | D:1      | Learned a level 1 spell: Apportation
   894 | D:2      | Reached XP level 3. HP: 36/36 MP: 2/2
  1495 | D:3      | Reached skill level 3 in Unarmed Combat
  1495 | D:3      | Reached XP level 4. HP: 40/45 MP: 3/3
  2034 | D:3      | Found a shimmering blue altar of Sif Muna.
  2116 | D:3      | Found a basalt altar of Yredelemnul.
  2194 | D:4      | Noticed a sky beast
  2200 | D:4      | Reached XP level 5. HP: 53/53 MP: 4/4
  2206 | D:4      | Killed a sky beast
  2245 | D:4      | Found a glowing drain.
  2253 | Sewer    | Entered a sewer
  2303 | Sewer    | Reached XP level 6. HP: 62/62 MP: 5/5
  2421 | Sewer    | Reached skill level 4 in Unarmed Combat
  2635 | D:4      | Noticed Ijyb
  2649 | D:4      | Killed Ijyb
  2667 | D:4      | Found Zocar's Distillery.
  2675 | D:4      | Bought a potion of cancellation for 96 gold pieces
  2675 | D:4      | Bought a potion of curing for 36 gold pieces
  2761 | D:4      | Found Plog's Book Emporium.
  2774 | D:4      | Found a burning altar of Makhleb.
  2885 | D:4      | Noticed Blork the orc
  2891 | D:4      | Killed Blork the orc
  2892 | D:4      | Reached XP level 7. HP: 70/70 MP: 6/6
  2945 | D:4      | Found Sineaj's Antique Weapon Shop.
  2986 | D:4      | Found a sparkling altar of Nemelex Xobeh.
  3002 | D:4      | Noticed Sigmund
  3012 | D:4      | Killed Sigmund
  3013 | D:4      | Reached skill level 5 in Shields
  3013 | D:4      | Reached skill level 5 in Unarmed Combat
  3042 | D:4      | Got the Catalogue of the Hunter
  3141 | D:4      | Reached skill level 5 in Fighting
  3194 | D:4      | Found Ryussin's Weapon Emporium.
  3200 | D:4      | Bought 3 atropa-tipped darts for 29 gold pieces
  3398 | D:5      | Entered Level 5 of the Dungeon
  3404 | D:5      | Reached XP level 8. HP: 80/80 MP: 7/7
  3474 | D:5      | Noticed Grinder
  3488 | D:5      | Killed Grinder
  3489 | D:5      | Reached skill level 6 in Unarmed Combat
  3558 | D:5      | Found a staircase to the Ecumenical Temple.
  3586 | Temple   | Entered the Ecumenical Temple
  3594 | Temple   | Became a worshipper of the Wu Jian Council
  3694 | D:5      | Found a broken altar of Ashenzari.
  3933 | D:5      | Found a shadowy altar of Dithmenos.
  4351 | D:6      | Reached skill level 7 in Unarmed Combat
  4363 | D:6      | Reached XP level 9. HP: 84/89 MP: 8/8
  4392 | D:6      | Reached * piety under Wu Jian
  4483 | D:6      | Found a hazy altar of Hepliaklqana.
  5203 | D:7      | Identified the +1 robe of the Jackalope {Will+ Int+3}
  5636 | D:7      | Reached skill level 8 in Unarmed Combat
  5757 | D:7      | Found a hide-covered altar of Uskayaw.
  5779 | D:7      | Found a glowing golden altar of the Shining One.
  5819 | D:7      | Found a sacrificial altar of Ru.
  5822 | D:7      | Found a glowing silver altar of Zin.
  5825 | D:7      | Found an ancient bone altar of Kikubaaqudgha.
  5967 | D:8      | Found a flagged portal.
  5987 | Bailey   | Entered a bailey
  6064 | Bailey   | Reached ** piety under Wu Jian
  6088 | Bailey   | Noticed an orc knight
  6088 | Bailey   | Noticed an orc knight
  6123 | Bailey   | Killed an orc knight
  6227 | Bailey   | Killed an orc knight
  6228 | Bailey   | Reached XP level 10. HP: 88/102 MP: 9/9
  6253 | Bailey   | Identified the staff of conjuration "Wufuung" {+Blink rElec
                  | rPois rC-}
  6584 | D:8      | Found Qitug's Weapon Boutique.
  6592 | D:8      | Bought 5 poisoned darts for 33 gold pieces
  6716 | D:8      | Reached skill level 9 in Unarmed Combat
  7220 | D:9      | Noticed Pikel
  7229 | D:9      | Killed Pikel
  7376 | D:8      | Reached *** piety under Wu Jian
  7726 | D:9      | Found Aret's Antique Armour Emporium.
  7957 | D:9      | Reached skill level 10 in Unarmed Combat
  8575 | D:10     | Entered Level 10 of the Dungeon
  8632 | D:10     | Found a runed translucent gate.
  8633 | D:10     | Found a runed translucent gate.
  8633 | D:10     | Noticed dxb338's ghost (journeyman HOFi)
  8636 | D:10     | Found a runed translucent gate.
  8695 | D:10     | Reached XP level 11. HP: 113/113 MP: 10/10
  9117 | D:10     | Found Robleq's Book Shop.
  9117 | D:10     | Noticed a walking divine tome
  9119 | D:10     | Noticed a walking crystal tome
  9127 | D:10     | Bought a book of the Earth for 504 gold pieces
  9134 | D:10     | Learned a level 6 spell: Statue Form
  9322 | D:11     | Noticed a death yak
  9323 | D:11     | Found a staircase to the Lair.
  9323 | D:11     | Noticed a death yak
  9323 | D:11     | Noticed a death yak
  9332 | D:11     | Noticed a boulder beetle
  9408 | D:11     | Noticed Erica
  9417 | D:11     | Killed Erica
  9515 | D:11     | Killed a boulder beetle
  9516 | D:11     | Reached skill level 10 in Shields
  9549 | D:11     | Killed a death yak
  9695 | D:11     | Reached skill level 11 in Unarmed Combat
  9865 | D:11     | Killed a death yak
  9874 | D:11     | Killed a death yak
  9892 | D:11     | Reached **** piety under Wu Jian
  9982 | D:11     | Reached skill level 10 in Fighting
  9982 | D:11     | Reached XP level 12. HP: 126/126 MP: 11/11
 10492 | D:11     | Found an ancient bone altar of Kikubaaqudgha.
 10493 | D:11     | Reached skill level 12 in Unarmed Combat
 10493 | D:11     | Reached XP level 13. HP: 135/135 MP: 12/12
 11387 | D:12     | HP: 6/137 [very large slime creature (63)]
 11599 | D:12     | Found a runed translucent gate.
 11599 | D:12     | Found a runed translucent gate.
 11599 | D:12     | Noticed Bobsterar's ghost (journeyman MiFi)
 11599 | D:12     | Noticed a minotaur
 11601 | D:12     | Found a runed translucent gate.
 11648 | D:12     | Found a staircase to the Orcish Mines.
 11740 | D:12     | Reached skill level 13 in Unarmed Combat
 12298 | D:12     | Killed Bobsterar's ghost
 12450 | D:12     | Killed a minotaur
 12912 | D:13     | Slain by a freezing wraith

Illustrated notes

Levels and vault maps discovered:
D:1:      dreamdust_arrival_beginning_and_end, layout_basic,
          hellmonk_ecumenical_altar_run_dry
D:2:      layout_basic
D:3:      minmay_octagon_keep, layout_basic,
          yredelemnul_forgotten_temple_becter, general_overflow_altar
D:4:      layout_loops_corners, nemelex_xobeh_ov_fountains_minmay,
          nicolae_overflow_crystal_walls, lightli_sewer_entry_pipes,
          serial_shops, shop, shop, shop, shop, uniq_sigmund, uniq_ijyb,
          uniq_blork_the_orc
D:5:      layout_loops_ring, kennysheep_little_box,
          mainiacjoe_overflow_surrounded_room, minmay_temple_entry_junction,
          saegor_snake_ambush, uniq_grinder
D:6:      layout_cave_pods, old_standard_altar, st_stairs_7, dk_rats_in_the_wall
D:7:      layout_rooms, grunt_temple_overflow_diamond, nicolae_uskayaw_suspiria,
          kennysheep_mini_moat
D:8:      layout_basic, enter_bailey_5, serial_shops, shop,
          kennysheep_crisscross, hangedman_misty_isle
D:9:      layout_basic, serial_shops, nicolae_shop_real_fake_doors,
          corexii_leaking_fountain, uniq_pikel
D:10:     layout_roguey, gammafunk_ghost_nasty_kobolds, serial_shops,
          nicolae_shop_mannequins
D:11:     layout_long_grid, dpeg_lair_monsters,
          lemuel_zombie_altar_kikubaaqudgha, uniq_erica
D:12:     layout_stronghold, minmay_orc_entry_temple_small,
          maelrawn_ghost_gauntlet_escape
D:13:     layout_irregular_city, kennysheep_generic_room_11
Temple:   hellmonk_temple_micro_hex

Skill      XL: |  1  2  3  4  5  6  7  8  9 10 11 12 13 |
---------------+----------------------------------------+-----
Shields        | 3 4 5 6 8 9 10 11 12 | 12.5
Fighting       | 3 4 5 6 7 8 10 11 | 11.5
Unarmed Combat | 3 4 5 7 8 10 11 12 13 | 13.4
Dodging        | |  2.4

Action                     |  1- 3 |  4- 6 |  7- 9 | 10-12 | 13-15 || total
---------------------------+-------+-------+-------+-------+-------++-------
  Melee: Unarmed           |    99 |   177 |   283 |   369 |   209 ||  1137
  Throw: Dart              |       |     1 |    15 |    57 |    48 ||   121
         Boomerang         |       |       |    58 |    70 |       ||   128
Ability: Lunge             |       |       |    19 |    21 |    11 ||    51
         Whirlwind         |       |       |     1 |     8 |     3 ||    12
         Wall Jump         |       |       |       |       |     2 ||     2
    Use: Potion            |       |     1 |     4 |     6 |     3 ||    14
         Scroll            |       |       |    20 |    10 |     7 ||    37
   Stab: Sleeping          |       |       |     1 |       |       ||     1
         Distracted        |       |       |       |     1 |       ||     1
 Armour: Robe              |    23 |    41 |    46 |    33 |    14 ||   157
  Dodge: Dodged            |    29 |    54 |    71 |    72 |    40 ||   266
  Block: Kite shield       |    27 |    62 |   137 |   212 |   125 ||   563
